 Dungeon Crawl Stone Soup version 0.24.0-1-gfbc8707122 (webtiles) character file.

Game seed: 10911107622608362953, levelgen mode: deterministic

10 Arixos the Gusty (level 2, -2/17 HPs)
             Began as an Octopode Air Elementalist on Oct 28, 2019.
             Slain by a gnoll
             ... wielding a +0 whip
              (7 damage)
             ... on level 1 of the Dungeon.
             The game lasted 00:01:35 (314 turns).

Arixos the Gusty (Octopode Air Elementalist)         Turns: 314, Time: 00:01:36

Health: -2/17      AC:  1    Str:  7    XL:     2   Next: 20%
Magic:  2/5        EV: 13    Int: 17    God:
Gold:   39         SH:  0    Dex: 12    Spells: 4/5 levels left

rFire    . . .     SeeInvis .   d - +0 whip
rCold    . . .     Gourm    .   (no shield)
rNeg     . . .     Faith    .   (helmet restricted)
rPois    .         Spirit   .   (no amulet)
rElec    .         Reflect  .   (no ring)
rCorr    .         Harm     .   (no ring)
MR       .....                  (no ring)
Stlth    +++.......             (no ring)
HPRegen  0.05/turn              (no ring)
MPRegen  0.09/turn              (no ring)
                                (no ring)
                                (no ring)

@: no status effects
A: almost no armour, stealthy swim, amphibious, 8 rings, constrict 8, camouflage
1, gelatinous body 1
a: no special abilities


You were on level 1 of the Dungeon.
You were not hungry.

You visited 1 branch of the dungeon, and saw 1 of its levels.

You collected 39 gold pieces.

Inventory:

Hand Weapons
 d - a +0 whip (weapon)
Potions
 c - a potion of berserk rage {unknown}
Comestibles
 a - 2 chunks of flesh
 b - a ration


   Skills:
 + Level 0.2 Fighting
 + Level 2.0 Dodging
 - Level 2.6 Stealth
 * Level 2.2 Spellcasting
 * Level 1.3 Conjurations
 * Level 3.1 Air Magic


You had 4 spell levels left.
You knew the following spells:

 Your Spells              Type           Power        Failure   Level  Hunger
a - Shock                 Conj/Air       #...         8%          1    #......

Your spell library contained the following spells:

 Spells                   Type           Power        Failure   Level  Hunger
 Swiftness                Chrm/Air       #.......     16%         2    ###....
 Static Discharge         Conj/Air       #.......     22%         3    ###....
 Airstrike                Air            ##........   45%         4    #####..
 Lightning Bolt           Conj/Air       #.........   91%         5    ######.


Dungeon Overview and Level Annotations

Branches:
Dungeon (1/15)

Altars:


Innate Abilities, Weirdness & Mutations

You cannot wear most types of armour.
You are very stealthy in the water. (Stealth+)
You are amphibious.
You can wear up to eight rings at the same time.
You can use your tentacles to constrict eight enemies at once.
Your skin changes colour to match your surroundings (Stealth+).
Your rubbery body absorbs attacks. (AC +1, EV +1)


Message History

Confirm with . or Enter, or press ? or * to list all spells.
Aiming: Shock (safe; 8% risk of failure)
Press: ? - help, Shift-Dir - straight line, f/p - gnoll
Aim: a gnoll, wielding a +0 whip (heavily wounded)
The zap hits the gnoll.
The gnoll is severely wounded.
The gnoll closely misses you.
Casting: Shock (safe; 8% risk of failure)
Confirm with . or Enter, or press ? or * to list all spells.
Aiming: Shock (safe; 8% risk of failure)
Press: ? - help, Shift-Dir - straight line, f/p - gnoll
Aim: a gnoll, wielding a +0 whip (severely wounded)
The zap misses the gnoll.
The gnoll hits you but does no damage.
Casting: Shock (safe; 8% risk of failure)
Confirm with . or Enter, or press ? or * to list all spells.
Aiming: Shock (safe; 8% risk of failure)
Press: ? - help, Shift-Dir - straight line, f/p - gnoll
Aim: a gnoll, wielding a +0 whip (severely wounded)
The zap misses the gnoll.
The gnoll hits you with a +0 whip!
You die...

. #..####......##...# .#
#...........####..#
..########...........##.##.#
............###.##...รท.##..##
#....#.....##...(.#.........#
#....#....#.....<.##........####.
#....#.....##....)#...(..........
...?........###.##.....##..#####
##########.....g@....##.##.#
#............# ##..#
##...####......##...#
#...#...#....#......####..
#.#.....#...####.##.......
#.#.#..#...## #........##
#.#......#.#####...####.#
#.#..###.#.).......# # #.##.#
#.##.....#..####.#


You could see a gnoll.

Vanquished Creatures
  3 bats (D:1)
  3 goblins (D:1)
  A hobgoblin (D:1)
  3 kobolds (D:1)
10 creatures vanquished.

Notes
Turn   | Place    | Note
-------+----------+-------------------------------------------
     0 | D:1      | Arixos the Octopode Air Elementalist began the quest for
                  | the Orb.
     0 | D:1      | Reached XP level 1. HP: 11/11 MP: 3/3
   122 | D:1      | Reached XP level 2. HP: 17/17 MP: 0/5
   314 | D:1      | Slain by a gnoll

Levels and vault maps discovered:
D:1:      erik_arrival_blinker_ship, layout_loops_ring, due_unseen_surprise

Action                   || total
-------------------------++-------
Melee: Unarmed           ||     4
       Constrict         ||     2
       Whip              ||     1
 Cast: Shock             ||    22
Armor: Skin              ||     1
Dodge: Dodged            ||     4
